Map: Vigía EE

Players

TATORREA - Winner!

  • Race: Protoss Protoss
  • League: Gold
  • Spawn Location: 6:00

tigro - Winner!

  • Race: Terran Terran
  • League: Bronze
  • Spawn Location: 5:00

MrFercho - Winner!

  • Race: Zerg Zerg
  • League: Silver
  • Spawn Location: 5:00

Stratochelo

  • Race: Protoss Protoss
  • Spawn Location: 9:00

ronclu

  • Race: Terran Terran
  • Spawn Location: 9:00

SrSandía

  • Race: Terran Terran
  • League: Silver
  • Spawn Location: 12:00

VOD

Have the link to the VOD?

Description

Time

  • Played on: July 2, 2020, 8:52 p.m.
  • Length: 14:25
Show
View Real Time Build Order
Export as new Build Order

TATORREA Protoss - Winner!

Build Orders:  

Get SALT Encoding   

  12  0:02  Probe  
  13  0:14  Probe  
  14  0:25  Pylon  
  14  0:26  Probe  
  15  0:43  Probe  
  15  0:46  Gateway  
  16  0:55  Probe  
  17  1:03  Assimilator, Probe  
  17  1:08  Pylon  
  18  1:11  Probe  
  19  1:22  Probe  
  20  1:34  Probe  
  20  1:36  Cybernetics Core  
  21  1:41  Gateway  
  21  1:46  Probe  
  22  2:04  Nexus  
  22  2:13  Pylon, Probe  
  23  2:20  Assimilator  
  23  2:25  Probe  
  23  2:38  Probe  
  24  2:50  Probe  
  25  3:00  Robotics Facility  
  25  3:03  Pylon  
  25  3:09  Stalker  
  25  3:10  Stalker  
  25  3:12  Warp Gate, Probe  
  29  3:13  Probe  
  31  3:20  Probe  
  31  3:21  Probe  
  33  3:30  Probe  
  33  3:32  Probe  
  35  3:42  Probe  
  35  3:44  Probe  
  37  3:49  Stalker  
  37  3:52  Sentry, Forge  
  37  3:55  Probe  
  42  3:56  Probe  
  43  4:07  Probe  
  43  4:08  Probe  
  45  4:18  Immortal  
  45  4:19  Assimilator, Probe  
  45  4:20  Probe  
  45  4:21  Assimilator  
  43  4:57  Observer  
  44  5:03  Stalker  
  44  5:05  Stalker  
  48  5:10  Probe x2  
  48  5:22  Probe  
  48  5:23  Probe  
  48  5:28  Stalker x2  
  46  5:33  Protoss Ground Weapons Level 1  
  44  5:37  Immortal  
  44  5:42  Gateway  
  44  5:43  Gateway  
  44  5:47  Gateway  
  44  5:49  Gateway  
  48  5:50  Gateway  
  48  5:59  Probe  
  48  6:00  Probe  
  49  6:35  Cybernetics Core  
  49  6:39  Zealot  
  51  6:49  Pylon  
  51  6:52  Pylon  
  51  6:56  Pylon  
  51  7:01  Pylon  
  51  7:04  Pylon  
  51  7:06  Pylon  
  51  7:19  Stalker x3  
  51  7:20  Stalker x2  
  61  7:23  Immortal  
  65  7:36  Probe  
  67  7:37  Probe  
  67  7:38  Protoss Shields Level 1  
  67  7:41  Nexus  
  67  7:45  Pylon  
  67  7:47  Pylon  
  67  7:49  Probe x2  
  69  7:58  Twilight Council  
  69  8:02  Forge  
  69  8:04  Stalker  
  69  8:05  Stalker x3  
  75  8:06  Stalker, Forge  
  69  8:41  Stalker  
  69  8:42  Stalker x3  
  69  8:43  Stalker  
  69  8:44  Protoss Ground Armor Level 1, Protoss Ground Weapons Level 2  
  69  8:48  Blink  
  73  8:49  Probe x2  
  61  9:01  Probe x2  
  63  9:13  Probe  
  54  9:17  Stalker  
  54  9:18  Stalker x4  
  64  9:28  Probe  
  63  9:41  Probe x3  
  63  9:42  Pylon  
  61  9:46  Stalker x2  
  61  9:47  Stalker x3  
  70  9:59  Probe x3  
  73  10:04  Immortal  
  77  10:11  Stalker x2, Probe x3  
  77  10:12  Stalker  
  86  10:15  Stalker  
  86  10:18  Stalker  
  90  10:21  Stalker  
  90  10:27  Probe  
  90  10:28  Probe x2  
  95  10:32  Assimilator  
  95  10:36  Assimilator  
  95  10:43  Immortal  
  95  10:46  Protoss Ground Weapons Level 3  
  95  10:47  Protoss Ground Armor Level 2  
  99  10:57  Protoss Shields Level 2  
  99  11:22  Immortal  
  103  11:34  Stalker x2  
  103  11:35  Stalker x3  
  103  11:36  Stalker  
  107  12:01  Immortal  
  93  12:29  Stalker x2  
  97  12:30  Stalker x4  
  105  12:41  Immortal  
  109  13:11  Gateway  
  109  13:12  Gateway  
  109  13:14  Gateway  
  109  13:16  Gateway  
  109  13:17  Gateway  
  109  13:20  Stalker x2  
  109  13:21  Gateway, Stalker  
  109  13:22  Stalker x2  
  109  13:23  Stalker  
  109  13:24  Gateway  
  109  13:25  Immortal  
  121  13:29  Nexus  
  121  13:37  Pylon  
  97  14:12  Stalker x5  
  97  14:13  Stalker x4  
Show
View Real Time Build Order
Export as new Build Order

tigro Terran - Winner!

Build Orders:  

Get SALT Encoding   

  12  0:04  SCV  
  13  0:16  SCV  
  14  0:27  Supply Depot  
  14  0:28  SCV  
  14  0:33  Refinery  
  15  0:48  SCV  
  16  0:53  Barracks  
  16  1:00  SCV  
  16  1:02  Refinery  
  17  1:12  SCV  
  18  1:24  SCV  
  19  1:28  Supply Depot  
  19  1:37  SCV  
  20  1:40  Marine  
  21  1:49  SCV  
  22  1:55  Barracks  
  22  1:57  Marine  
  22  2:01  SCV  
  24  2:15  Marine  
  24  2:18  SCV  
  26  2:25  Engineering Bay  
  26  2:33  Marine  
  27  2:51  Marine  
  26  3:13  Barracks Reactor  
  26  3:22  Orbital Command  
  26  3:29  Factory  
  26  3:48  Barracks Tech Lab  
  23  4:03  Marine x2  
  25  4:14  Combat Shield  
  25  4:18  Factory Tech Lab  
  25  4:21  Marine x2  
  27  4:29  Starport  
  27  4:39  Marine x2, Siege Tank  
  32  4:52  Command Center  
  32  4:57  Marine x2  
  34  5:08  Starport  
  34  5:11  Medivac, Siege Tank  
  35  5:33  Stimpack  
  31  5:38  Marine x3  
  31  5:56  Marine x3  
  32  6:13  Marine  
  32  6:14  Marine x2  
  29  6:28  Missile Turret  
  29  6:31  Marine  
  30  6:40  Marine  
  30  6:41  Marine  
  29  6:49  Marine, Terran Infantry Weapons Level 1  
  30  7:02  Supply Depot  
  30  7:18  Refinery  
  30  7:24  Medivac, Marine x3, Siege Tank, Supply Depot  
  30  7:25  Starport Tech Lab  
  38  7:46  Marine x3  
  38  7:47  Supply Depot  
  41  8:03  Marine  
  41  8:04  Marine  
  31  8:21  Marine  
  31  8:23  Marine x2  
  31  8:28  SCV  
  32  8:39  Marine, Starport Tech Lab  
  32  8:40  Marine, SCV  
  32  8:41  Marine  
  36  8:43  Terran Infantry Armor Level 1  
  36  8:47  Siege Tank  
  39  8:52  SCV  
  40  8:57  Marine  
  40  8:58  Marine  
  40  8:59  Marine  
  43  9:04  SCV  
  43  9:05  Refinery  
  44  9:11  Armory  
  44  9:15  Marine  
  44  9:16  Marine x2  
  44  9:17  SCV  
  48  9:19  Siege Tank  
  48  9:21  Medivac  
  53  9:30  Medivac  
  55  9:33  Marine  
  55  9:34  Marine x2  
  58  9:50  Marine  
  58  9:51  Siege Tank  
  62  10:38  Hi-Sec Auto Tracking  
  54  11:35  Neosteel Armor  
Show
View Real Time Build Order
Export as new Build Order

MrFercho Zerg - Winner!

Build Orders: Hatch First 

Get SALT Encoding   

  12  0:01  Drone  
  13  0:13  Overlord  
  13  0:18  Drone  
  14  0:31  Drone x2  
  16  0:37  Drone  
  17  1:06  Hatchery  
  17  1:08  Spawning Pool  
  15  1:11  Drone  
  15  1:14  Drone  
  18  1:18  Drone  
  18  1:28  Overlord  
  18  1:33  Drone  
  18  1:37  Extractor  
  18  1:45  Drone  
  19  2:01  Drone  
  20  2:04  Queen  
  22  2:09  Overlord  
  22  2:18  Queen  
  22  2:19  Drone  
  22  2:20  Drone  
  26  2:42  Zergling x8  
  30  2:55  Roach Warren, Drone x2  
  31  3:03  Metabolic Boost  
  31  3:07  Drone x2  
  33  3:17  Zergling x2  
  33  3:18  Zergling x8  
  38  3:30  Drone x5  
  43  3:45  Overlord x2  
  43  3:53  Evolution Chamber  
  42  4:04  Roach x7  
  54  4:22  Zerg Melee Weapons Level 1  
  54  4:23  Overlord x4  
  43  4:59  Roach  
  43  5:00  Roach x3  
  43  5:04  Zergling x16  
  49  5:37  Hatchery  
  47  5:48  Lair  
  45  5:52  Zergling x22  
  45  5:53  Zergling x2  
  55  6:05  Spore Crawler  
  55  6:08  Spore Crawler x2  
  44  6:20  Zergling x2  
  44  6:21  Zergling x10  
  41  6:51  Drone  
  41  6:52  Drone x7  
  41  7:26  Drone x7  
  46  7:34  Drone x3  
  45  7:41  Zerg Ground Armor Level 1  
  45  7:44  Extractor  
  45  7:45  Extractor  
  45  7:50  Hydralisk Den, Roach  
  45  7:51  Roach x4  
  52  8:15  Zergling x20  
  62  8:28  Extractor  
  62  8:29  Queen  
  63  8:49  Zergling x10  
  63  8:50  Zergling x10  
  73  9:02  Drone x3  
  66  9:15  Infestation Pit  
  66  9:16  Muscular Augments  
  56  9:28  Hydralisk  
  57  9:32  Drone x2  
  57  9:33  Drone x5  
  64  10:05  Overlord x3  
  64  10:06  Hydralisk x7  
  75  10:50  Drone x9  
  75  10:55  Extractor  
  75  10:57  Extractor  
  80  11:11  Spire  
  80  11:14  Drone x6  
  84  11:27  Hatchery  
  83  11:33  Drone  
  83  11:34  Drone x3  
  83  11:37  Queen  
  89  11:42  Hatchery  
  88  11:48  Hydralisk x4  
  88  11:49  Hydralisk  
  96  12:19  Zergling x24  
  104  12:46  Drone x4  
  104  12:47  Drone x10  
  103  13:21  Hydralisk  
  103  13:22  Hydralisk x11  
  126  13:41  Overlord x6  
  126  13:42  Overlord x9  
  126  13:58  Mutalisk x6  
Show
View Real Time Build Order
Export as new Build Order

Stratochelo Protoss 

Build Orders: Carriers 

Get SALT Encoding   

  1  0:00  Probe  
  12  0:06  Probe  
  14  0:21  Probe  
  14  0:22  Pylon  
  15  0:30  Assimilator  
  15  0:40  Probe  
  16  0:49  Gateway  
  16  0:52  Probe  
  17  1:01  Probe  
  17  1:03  Assimilator  
  17  1:09  Probe  
  18  1:16  Pylon  
  19  1:18  Probe  
  20  1:31  Probe  
  21  1:38  Cybernetics Core  
  21  1:43  Probe  
  22  1:55  Probe  
  23  2:06  Nexus  
  23  2:07  Probe  
  24  2:19  Probe  
  24  2:21  Stargate  
  25  2:32  Stargate  
  25  2:38  Assimilator  
  24  2:56  Probe  
  24  2:57  Void Ray, Pylon  
  25  3:08  Probe  
  30  3:13  Void Ray  
  30  3:26  Probe  
  35  3:34  Probe  
  36  3:38  Probe  
  37  3:41  Void Ray  
  41  3:57  Probe  
  42  4:07  Void Ray  
  42  4:09  Probe  
  47  4:10  Probe  
  48  4:18  Assimilator  
  48  4:49  Void Ray  
  52  5:55  Probe  
  52  5:56  Pylon  
  52  5:59  Pylon x2  
  52  6:02  Forge  
  52  6:03  Probe  
  53  6:04  Void Ray  
  54  6:14  Void Ray  
  54  6:15  Probe  
  51  6:47  Void Ray  
  51  6:52  Pylon  
  51  6:55  Pylon  
  51  6:57  Void Ray  
  51  6:59  Pylon  
  55  7:18  Photon Cannon  
  55  7:20  Photon Cannon  
  55  7:23  Photon Cannon  
  55  7:28  Photon Cannon  
  55  7:29  Void Ray  
  55  7:31  Photon Cannon, Probe  
  55  7:33  Photon Cannon  
  55  7:34  Photon Cannon  
  50  7:39  Void Ray, Probe  
  55  7:47  Probe  
  56  7:55  Probe  
  56  8:00  Photon Cannon x2, Probe  
  56  8:03  Probe  
  58  8:12  Void Ray, Probe  
  60  8:13  Probe  
  60  8:15  Protoss Air Weapons Level 1  
  65  8:25  Probe x2  
  63  8:37  Probe  
  64  8:50  Fleet Beacon  
  52  9:40  Void Ray  
  52  9:41  Void Ray  
  52  9:57  Photon Cannon  
  48  10:01  Photon Cannon  
  48  10:03  Photon Cannon  
  48  10:14  Stargate  
  48  10:27  Carrier  
  54  10:41  Photon Cannon  
  54  11:00  Photon Cannon  
  54  11:21  Carrier  
  60  11:38  Carrier  
  54  12:15  Carrier  
  54  12:33  Carrier  
  60  12:53  Carrier  
  66  13:19  Carrier  
Show
View Real Time Build Order
Export as new Build Order

ronclu Terran 

Build Orders:  

Get SALT Encoding   

  12  0:02  SCV  
  13  0:17  SCV  
  14  0:26  Supply Depot  
  14  0:29  SCV  
  14  0:35  Refinery  
  15  0:47  SCV  
  16  0:59  SCV  
  17  1:05  Barracks  
  17  1:10  Supply Depot  
  17  1:12  SCV  
  18  1:24  SCV  
  19  1:33  Supply Depot  
  19  1:36  SCV  
  20  1:48  SCV  
  21  1:54  Supply Depot  
  21  1:59  Factory  
  21  2:01  Barracks Tech Lab  
  21  2:11  Supply Depot  
  21  2:13  SCV  
  22  2:17  Refinery  
  22  2:26  SCV  
  23  2:38  SCV  
  24  2:50  Siege Tank  
  28  3:01  Orbital Command  
  27  3:16  Command Center  
  27  3:25  Siege Tank  
  30  3:34  SCV  
  31  3:55  SCV  
  32  4:16  SCV  
  33  4:18  Siege Tank  
  30  4:55  Siege Tank  
  33  5:08  Factory  
  33  5:15  Barracks Tech Lab  
  33  5:33  SCV  
  31  5:45  SCV  
  32  5:55  Siege Tank  
  34  5:57  SCV  
  15  6:43  Supply Depot x2  
  15  6:45  Supply Depot  
  15  6:50  Siege Tank  
  15  7:04  SCV  
  14  7:16  SCV  
  15  7:28  SCV  
  16  7:40  Supply Depot, SCV  
  16  7:41  Supply Depot  
  16  7:42  Supply Depot  
  17  7:52  SCV  
  18  8:04  SCV  
  19  8:16  SCV  
  19  8:19  Siege Tank  
  23  8:28  SCV  
  14  9:11  SCV  
  14  9:12  Command Center  
  15  9:23  SCV  
  16  9:32  Barracks  
  16  9:36  SCV  
  17  9:48  SCV  
  17  9:49  SCV  
  19  10:00  SCV  
  19  10:01  SCV  
  21  10:12  SCV  
  21  10:14  SCV  
  23  10:24  SCV  
  23  10:25  SCV  
  23  10:26  SCV  
  26  10:36  SCV  
  26  10:37  SCV  
  26  10:38  SCV  
  29  10:57  Factory  
  29  11:29  Factory Tech Lab  
  29  11:54  Factory Reactor  
  29  12:06  Siege Tank  
  32  12:12  Armory  
  32  12:43  SCV x2  
  34  12:49  Factory  
  31  12:51  Factory  
  31  12:53  Hellion  
  31  12:54  Hellion x2  
  31  12:55  SCV  
  31  12:56  SCV  
  39  13:01  Factory  
  39  13:08  SCV x2  
  39  13:20  SCV x2  
  41  13:41  Hellbat  
  41  13:47  Hellbat  
Show
View Real Time Build Order
Export as new Build Order

SrSandía Terran 

Build Orders:  

Get SALT Encoding   

  12  0:01  SCV  
  13  0:21  SCV  
  14  0:28  Supply Depot  
  14  0:53  Barracks  
  14  0:56  Barracks  
  14  1:08  Refinery  
  14  1:13  Supply Depot  
  14  1:14  SCV  
  15  1:33  SCV  
  16  1:50  Engineering Bay  
  16  1:54  Refinery, SCV  
  16  1:55  Marine  
  16  1:56  Marine  
  19  2:07  SCV  
  20  2:15  Marine  
  20  2:16  Marine  
  22  2:31  Missile Turret  
  22  2:33  Marine  
  22  2:34  Marine  
  24  2:48  SCV  
  25  2:51  Marine x2  
  25  2:54  Terran Infantry Weapons Level 1  
  27  3:11  Marine x2  
  29  3:16  Factory  
  29  3:26  Supply Depot  
  29  3:34  SCV  
  30  3:36  Marine  
  31  3:48  Marine  
  32  4:01  Barracks Tech Lab  
  32  4:07  Barracks Reactor  
  32  4:22  Marauder  
  34  4:33  Orbital Command  
  32  4:44  Marine x2  
  30  4:45  Marauder  
  30  4:54  Combat Shield  
  30  5:04  Terran Infantry Armor Level 1  
  30  5:13  Marauder, Marine x2  
  29  5:31  Marine x2  
  29  5:35  Marauder  
  30  5:40  Armory  
  30  6:06  Widow Mine  
  27  6:23  Marauder, Marine x2  
  31  6:31  Widow Mine  
  30  6:33  SCV  
  30  6:37  Supply Depot  
  29  6:40  Marine x2  
  29  6:42  Stimpack  
  29  6:44  Marauder  
  29  6:45  SCV  
  34  7:03  Widow Mine  
  34  7:05  SCV  
  34  7:06  Marauder, Marine x2  
  41  7:27  Marine  
  41  7:28  Marauder, Marine  
  45  7:31  Terran Infantry Weapons Level 2  
  45  8:16  Marauder  
  45  8:19  Marine  
  47  8:20  Marine  
  47  8:21  Concussive Shells  
  33  8:41  Command Center  
  35  8:48  Factory Tech Lab  
  29  9:13  SCV  
  29  9:16  Supply Depot  
  30  9:22  Engineering Bay  
  30  9:31  Barracks  
  30  9:32  Barracks  
  30  9:35  SCV  
  31  9:46  Terran Infantry Armor Level 2  
  31  9:47  SCV  
  32  10:02  Orbital Command  
  32  10:03  Terran Infantry Weapons Level 3, SCV  
  33  10:13  Supply Depot  
  33  10:16  SCV  
  34  10:46  Refinery  
  34  10:55  Barracks Reactor  
  34  10:56  Barracks Reactor  
  34  11:11  Barracks Tech Lab  
  34  11:13  Barracks Tech Lab  
  34  11:28  Bunker  
  34  11:32  Siege Tank  
  37  11:39  Marine x3  
  39  11:40  Marine  
  39  11:53  Marauder  
  38  12:00  Marine x3  
  40  12:18  Marine  
  30  12:39  Marine x2  
  30  12:40  Marine  
  30  12:44  Marine  
Tags
 
Add a new tag
Caveats
  • Supply blocks, unpowered buildings, or Contaminate may cause inaccurate times.
  • Supply counts are checked every 10 seconds.